 Dungeon Crawl Stone Soup version 0.16-a0-3494-g28000b7 (webtiles) character file.

340 Stone the Ruffian (level 6, 0/61 HPs)
             Began as a Troll Monk on Jan 4, 2015.
             Slain by an orc
             ... wielding a +0 club
              (1 damage)
             ... on level 4 of the Dungeon.
             The game lasted 00:24:34 (3331 turns).

Stone the Ruffian (Troll Monk)                      Turns: 3331, Time: 00:24:36

Health: 0/61       AC:  5    Str: 22      XL:     6   Next: 30%
Magic:  3/3        EV: 11    Int:  5 (6)  God:
Gold:   156        SH:  0    Dex: 12      Spells: 0 memorised, 5 levels left

rFire  . . .     SeeInvis .       - Unarmed
rCold  . . .     Clarity  .     m - +0 robe
rNeg   . . .     SustAb   .     (shield restricted)
rPois  .         Gourm    +     (helmet restricted)
rElec  .         Spirit   .     (no cloak)
rCorr  .         Warding  .     (gloves unavailable)
rMut   .         Stasis   .     (boots unavailable)
MR     .....                    (no amulet)
Stlth  +.........               (no ring)
                                (no ring)

@: not resistant to hostile enchantments, very unstealthy
A: unfitting armour, claws 3, fast metabolism 3, gourmand, regeneration 2,
shaggy fur 1, tough skin 2
a: no special abilities


You were on level 4 of the Dungeon.
You were not hungry.

You visited 1 branch of the dungeon, and saw 4 of its levels.

You collected 156 gold pieces.

Inventory:

Hand weapons
 p - a +1 blowgun of evasion
Missiles
 j - 108 stones (quivered)
 o - 6 needles of slowing
 q - 11 poisoned needles
Armour
 a - a +0 robe
 m - a +0 robe (worn)
Magical devices
 e - a wand of digging (8)
Scrolls
 c - a scroll of fog
 f - 5 scrolls of identify
 h - 5 scrolls of remove curse
 i - a scroll of random uselessness
 l - a scroll of enchant weapon
 n - a scroll of recharging
Comestibles
 b - 2 meat rations
 d - a bread ration
 k - 2 fruits


   Skills:
 + Level 3.3 Fighting
 + Level 0.6 Throwing
 + Level 3.3 Dodging
 - Level 1.1 Stealth
 * Level 6.3 Unarmed Combat
 + Level 0.1 Evocations


You had 5 spell levels left.
You didn't know any spells.

Dungeon Overview and Level Annotations

Branches:
Dungeon (4/15)
 Temple: D:4-7

Altars:
Nemelex Xobeh
Qazlal


Innate Abilities, Weirdness & Mutations

You are too large for most types of armour.
You have claws for hands.
Your metabolism is lightning-fast.
You like to eat raw meat.
You heal very quickly.
You are covered in fur (AC +1).
You have very tough skin (AC +2).


Message History

The worker ant waves its antennae.
The worker ant bites you but does no damage.
There are monsters nearby!
It was a potion of curing.
You feel better. The adder skeleton barely misses you.
The orc hits you but does no damage. The orc barely misses you. x2
The worker ant bites you!
* * * LOW HITPOINT WARNING * * *
The orc warrior closely misses you.
Unknown command.
Zapping:
e - a wand of digging (9)
Press: ? - help, Shift-Dir - straight line The rock shatters into small pieces.
This wand has 8 charges left.
The adder skeleton bites you.
* * * LOW HITPOINT WARNING * * *
The worker ant bites you.
* * * LOW HITPOINT WARNING * * *
The orc complains noisily.
The orc hits you but does no damage. The orc hits you with a club.
You die...

..# ..# #.# #.#
#.# #.# # #.####
######$##.o..##...
#.%..>.(Z@og....#
#.......oao...###
........r....#
..............).
............#...
........###).#
........ .#
....... ....


You could see an orc warrior, a worker ant, 3 orcs, a goblin, a rat and an adder
skeleton.

Vanquished Creatures
  Grinder (D:3)
  An orc wizard (D:4)
  4 adders
  2 worms
  2 giant geckos
  5 orcs (D:3)
  13 goblins
  8 hobgoblins
  2 quokkas (D:2)
  3 ball pythons
  7 bats
  2 giant cockroaches (D:1)
  4 giant newts
  4 kobolds
  10 rats
68 creatures vanquished.

Notes
Turn   | Place    | Note
--------------------------------------------------------------
     0 | D:1      | Stone, the Troll Monk, began the quest for the Orb.
     0 | D:1      | Reached XP level 1. HP: 22/22 MP: 1/1
   220 | D:1      | Reached XP level 2. HP: 29/29 MP: 1/1
  1188 | D:2      | Reached XP level 3. HP: 36/36 MP: 2/2
  1380 | D:2      | Found a stormy altar of Qazlal.
  1449 | D:2      | Reached skill level 5 in Unarmed Combat
  1811 | D:2      | Found a sparkling altar of Nemelex Xobeh.
  2087 | D:3      | Reached XP level 4. HP: 44/44 MP: 2/2
  2602 | D:3      | Noticed Grinder
  2650 | D:3      | Killed Grinder
  2650 | D:3      | Reached skill level 6 in Unarmed Combat
  2650 | D:3      | Reached XP level 5. HP: 11/53 MP: 2/2
  2650 | D:3      | Reached XP level 6. HP: 12/61 MP: 3/3
  3330 | D:4      | HP: 2/61 [worker ant (8)]
  3331 | D:4      | Slain by an orc

Action                   |  1- 3 |  4- 6 || total
-------------------------+-------+-------++-------
Melee: Unarmed           |    92 |    64 ||   156
Throw: Stone             |    14 |     3 ||    17
Evoke: Wand              |       |     3 ||     3
  Use: Scroll            |       |     6 ||     6
       Potion            |       |     5 ||     5
  Eat: Meat ration       |     2 |     1 ||     3
       Chunk             |     6 |     6 ||    12
       Fruit             |     1 |     2 ||     3
